 Dungeon Crawl Stone Soup version 0.31-a0-460-g9e667d4245 (webtiles) character file.

Game seed: 16848922921709169208

42 LeprechaunX the Ruffian (level 3, -1/24 HPs)
             Began as an Octopode Shapeshifter on Aug 5, 2023.
             Slain by Terence
             ... wielding a +0 mace
              (7 damage)
             ... on level 2 of the Dungeon.
             The game lasted 00:00:54 (900 turns).

LeprechaunX the Ruffian (Octopode Shapeshifter)      Turns: 900, Time: 00:00:55

Health: -1/24      AC:  1    Str: 16    XL:     3   Next: 56%
Magic:  3/3        EV: 13    Int: 10    God:
Gold:   33         SH:  0    Dex: 12    Spells: 2/2 levels left

rFire   . .          .
                       - Unarmed
rCold   . . .        (no shield)
rNeg    . . .        (helmet currently unavailable)
rPois   .            (no amulet)
rElec   .            (no ring)
rCorr   .            (no ring)
SInv    .            (no ring)
Will    .....        (no ring)
Stlth   ++           (no ring)
HPRegen 0.24/turn    (no ring)
MPRegen 0.08/turn    (no ring)
                     (no ring)

%: no passive effects
@: beast-form
A: beast (slay +2), almost no armour, amphibious, 8 rings, camouflage 1,
gelatinous body 1, (nimble swimmer 1), tentacles
a: Begin Untransformation


You were on level 2 of the Dungeon.
You were a hulking beast.
You visited 1 branch of the dungeon, and saw 2 of its levels.

You collected 33 gold pieces.

Inventory:

Jewellery
 e - a ring of flight
Talismans
 b - a beast talisman (active)
Scrolls
 c - a scroll of blinking {unknown}
 f - 2 scrolls of enchant weapon {unknown}
 i - a scroll of identify {unknown}
 j - a scroll of vulnerability {unknown}
 l - a scroll of enchant armour {unknown}
Potions
 a - a potion of lignification
 d - 2 potions of attraction {unknown}
 g - a potion of invisibility {unknown}
 h - a potion of degeneration {unknown}
 k - 3 potions of cancellation {unknown}
 m - a potion of berserk rage {unknown}


   Skills:
 + Level 1.7 Fighting
 + Level 2.5 Dodging
 + Level 3.4 Unarmed Combat
 + Level 3.3 Shapeshifting


You had 2 spell levels left.
You didn't know any spells.
Your spell library contained the following spells:

 Spells                   Type           Power      Damage    Failure   Level
 Foxfire                  Conj/Fire      0%         2x1d4     36%         1
 Ensorcelled Hibernation  Hex/Ice        0%         N/A       50%         2
 Anguish                  Hex/Necr       0%         N/A       98%         4


Dungeon Overview and Level Annotations

Branches:
Dungeon (2/15)

Altars:

Annotations:
D:2 Terence


Innate Abilities, Weirdness & Mutations

You are a hulking beast.
Your limbs bulge with bestial killing power. (Slay +2)
You cannot wear most types of armour.
You are amphibious.
You can wear up to eight rings at the same time.
Your skin changes colour to match your surroundings (Stealth+).
Your rubbery body absorbs attacks. (AC +1, EV +1)
((You are camouflaged when in or above water. (Stealth+)))
You have tentacles for arms and can constrict up to eight enemies at once.


Message History

A kobold is nearby!
A kobold is nearby!
A kobold is nearby!
Found a puce potion.
A frilled lizard comes into view.
Found a scroll labelled EDAISA IDGHURHI.
Terence the Incautious comes into view.
He is wielding a +0 mace and wearing a +1 scale mail of willpower.
The kobold shouts!
Terence shouts!
You completely miss the kobold. You grab the kobold. You squeeze the kobold.
You kill the kobold!
The frilled lizard barely misses you.
Things that are here:
a +0 short sword; a kobold corpse You closely miss Terence.
Your grab misses Terence. The frilled lizard barely misses you.
Terence hits you with a +0 mace!
You barely miss Terence. You grab Terence. You squeeze Terence.
Terence is moderately wounded.
You constrict Terence. The frilled lizard misses you.
Terence hits you with a +0 mace!
* * * LOW HITPOINT WARNING * * *
You are too injured to fight recklessly!
You are too injured to fight recklessly!
You are too injured to fight recklessly!
You are too injured to fight recklessly!
You are too injured to fight recklessly!
You are too injured to fight recklessly!
There are monsters nearby!
Unknown command.
You release your grip on Terence.
The frilled lizard attacks as you move away!
The frilled lizard barely misses you.
You tentacle-slap Terence but do no damage.
You grab Terence.
Terence is moderately wounded.
You constrict Terence. Terence misses you.
You tentacle-slap Terence but do no damage.
Terence is heavily wounded.
You constrict Terence, but do no damage.
Terence hits you with a +0 mace!
You die...

# .####.............
##. ##...........#
##..########...........
#.....................#
.....##....#........##
.####.......!.........
...?!..)l............
###.####@..........).
#....h.............
######.............
#....#........
#....##......# #....#
####### #....# ######


You could see Terence and a frilled lizard.

Vanquished Creatures
  An adder (D:2)
  A worm (D:2)
  A dart slug (D:1)
  2 endoplasms (D:1)
  A giant cockroach (D:1)
  2 goblins
  6 hobgoblins
  2 kobolds
  A quokka (D:1)
  6 ball pythons
  A bat (D:1)
  A frilled lizard (D:2)
  4 rats
29 creatures vanquished.

Notes
Turn   | Place    | Note
-------+----------+-------------------------------------------
     0 | D:1      | LeprechaunX the Octopode Shapeshifter began the quest for
                  | the Orb.
     0 | D:1      | Reached XP level 1. HP: 13/13 MP: 1/1
    77 | D:1      | Found a faded altar of an unknown god.
    85 | D:1      | Got Plato's Writings on the Sun
    92 | D:1      | Reached XP level 2. HP: 18/18 MP: 2/2
   713 | D:2      | Reached XP level 3. HP: 23/23 MP: 3/3
   891 | D:2      | Noticed Terence
   900 | D:2      | Slain by Terence

Illustrated notes

Levels and vault maps discovered:
D:1:      pf_arrival_petrified_forest, layout_basic,
          shapermc_ecumenical_altar_rom_forum
D:2:      minmay_roachtagon, layout_rooms, minmay_tetromino_i2, uniq_terence

Action                     || total
---------------------------++-------
  Melee: Unarmed           ||    52
         Constrict         ||    16
         Tentacles         ||     8
         Punch             ||     1
   Stab: Sleeping          ||     6
 Armour: Skin              ||     4
  Dodge: Dodged            ||    21

Table legend: (Time is in decaauts)
 A = Elapsed time spent in this place.
 B = Non-inter-level travel time spent in this place.
 C = Inter-level travel time spent in this place.
 D = Time resting spent in this place.
 E = Time spent auto-exploring this place.
 F = Levels seen in this place.
 G = Mean time per level.
                   A        B        C        D        E       F      G
               +--------+--------+--------+--------+--------+-----+--------+
         Total |    896 |    849 |     47 |      0 |    676 |   2 |  448.0 |
       Dungeon |    896 |    849 |     47 |      0 |    676 |   2 |  448.0 |
               +--------+--------+--------+--------+--------+-----+--------+

Top non-repeatable levels by time:
     D:1: 699 daAuts
     D:2: 197 daAuts
